 Dungeon Crawl Stone Soup version 0.31-a0-229-g1fc7ce93e2 (webtiles) character file.

Game seed: 8244345859502420375

37 qw the Shooter (level 3, -5/29 HPs)
             Began as a Minotaur Hexslinger on July 6, 2023.
             Succumbed to Terence's poison
             ... on level 2 of the Dungeon.
             The game lasted 00:00:20 (657 turns).

qw the Shooter (Minotaur Hexslinger)                 Turns: 657, Time: 00:00:20

Health: -5/29      AC:  2    Str: 12    XL:     3   Next: 21%
Magic:  3/3        EV: 12    Int: 10    God:
Gold:   9          SH:  0    Dex: 14    Spells: 3/4 levels left

rFire   . . .        Y - +1 sling
rCold   . . .        (no shield)
rNeg    . . .        c - +0 robe
rPois   .            (helmet restricted)
rElec   .            (no cloak)
rCorr   .            (no gloves)
SInv    .            (no boots)
Will    .....        (no amulet)
Stlth   +            (no ring)
HPRegen 0.24/turn    (no ring)
MPRegen 0.08/turn

%: no passive effects
@: lethally poisoned (-5 -> -27)
A: horns 2, retaliatory headbutt
a: no special abilities


You were on level 2 of the Dungeon.
You visited 1 branch of the dungeon, and saw 2 of its levels.

You collected 9 gold pieces.


Innate Abilities, Weirdness & Mutations

You have a pair of horns on your head.
You reflexively headbutt those who attack you in melee.


   Skills:
 - Level 2.0 Fighting
 + Level 3.8 Ranged Weapons
 - Level 2.1 Dodging
 - Level 1.0 Spellcasting
 - Level 2.0 Hexes


You had 3 spell levels left.
You knew the following spells:

 Your Spells              Type           Power      Damage    Failure   Level
a - Slow                  Hex            16%        N/A       16%         1

Your spell library contained the following spells:

 Spells                   Type           Power      Damage    Failure   Level
 Inner Flame              Hex/Fire       2%         N/A       56%         3
 Portal Projectile        Hex/Tloc       4%         N/A       56%         3
 Cause Fear               Hex            2%         N/A       83%         4

Inventory:

Hand Weapons
 Y - a +1 sling (weapon)
Armour
 c - a +0 robe (worn)
Potions
 d - a potion of heal wounds {unknown}
 e - 2 potions of curing

Dungeon Overview and Level Annotations

Branches:
Dungeon (2/15)

Altars:

Annotations:
D:2 Terence


Message History

The worm is lightly wounded.
The bat closely misses you. The bat barely misses you.
You shoot a sling bullet. The sling bullet hits the worm.
The worm is moderately wounded.
The bat closely misses you.
You shoot a sling bullet. The sling bullet hits the worm!
The worm is almost dead.
The bat barely misses you. You furiously retaliate!
You headbutt the bat.
You kill the bat!
The worm barely misses you.
You shoot a sling bullet. The sling bullet hits the worm.
You kill the worm!
You start resting.
HP restored.
Found a short sword.
Found 2 stones.
Terence the Incautious comes into view.
He is wielding a +2 short sword of venom.
Terence shouts!
Terence moves out of view.
You shoot a sling bullet. The sling bullet hits Terence.
Terence is lightly wounded.
You shoot a sling bullet. The sling bullet barely misses Terence.
You shoot a sling bullet. The sling bullet barely misses Terence.
Terence barely misses you.
You shoot a sling bullet. The sling bullet barely misses Terence.
Terence hits you with a +2 short sword of venom. x2
You are poisoned.
You shoot a sling bullet. The sling bullet hits Terence.
Terence is lightly wounded.
You feel very sick.
Terence hits you with a +2 short sword of venom.
You shoot a sling bullet.
The sling bullet hits Terence but does no damage.
Terence is lightly wounded.
You feel sick.
Terence hits you with a +2 short sword of venom.
You are more poisoned.
You shoot a sling bullet. The sling bullet hits Terence.
Terence is moderately wounded.
You die...

### ... ... ..#....
##... ......(. .
...#.#####... ......
(..........###......
#........###......##
......%<%....# .....
#........#...#......
#...>.......@)......
#..#.(####.#@.......
...... .....##.....
....## ####.## ....
.... #.# ... ... ..)
.. .... . .....


You could see Terence.

Vanquished Creatures
  A worm (D:2)
  A dart slug (D:1)
  6 ball pythons (D:1)
  3 endoplasms (D:1)
  2 giant cockroaches (D:1)
  2 goblins (D:1)
  2 hobgoblins (D:1)
  A quokka (D:1)
  2 bats
  A frilled lizard (D:1)
  3 kobolds (D:1)
  5 rats (D:1)
29 creatures vanquished.

Notes
Turn   | Place    | Note
-------+----------+-------------------------------------------
     0 | D:1      | qw the Minotaur Hexslinger began the quest for the Orb.
     0 | D:1      | Reached XP level 1. HP: 16/16 MP: 1/1
     0 | D:1      | 0 ||| qw: Version: 0.3-a-46-gb1f654a
     0 | D:1      | 0 ||| qw: Game counter: 1179
     0 | D:1      | 0 ||| qw: Melee chars always use a shield: true
     0 | D:1      | 0 ||| qw: God list: Okawaru
     0 | D:1      | 0 ||| qw: Allow faded altars: false
     0 | D:1      | 0 ||| qw: Do Orc after clearing Dungeon:15 true
     0 | D:1      | 0 ||| qw: Do second Lair branch before Depths: true
     0 | D:1      | 0 ||| qw: Lair rune preference: random
     0 | D:1      | 0 ||| qw: Goals: Normal
     0 | D:1      | 0 ||| PLANNING D:1-11
   136 | D:1      | Reached skill level 3 in Ranged Weapons
   137 | D:1      | Reached XP level 2. HP: 23/23 MP: 2/2
   390 | D:1      | Reached XP level 3. HP: 29/29 MP: 3/3
   611 | D:1      | 611 ||| READING scroll labelled LUOBIO POUKK.
   612 | D:1      | 612 ||| DRINKING 3 bubbling silvery potions.
   613 | D:1      | 613 ||| DROPPING scroll of poison.
   648 | D:2      | Noticed Terence
   656 | D:2      | HP: 7/29 [poisoned by Terence]
   656 | D:2      | HP: 1/29 [Terence/+2 short sword of venom (6)]
   657 | D:2      | Succumbed to Terence's poison

Levels and vault maps discovered:
D:1:      elethiomel_arrival_shortcut, layout_basic
D:2:      minmay_angry_zag, layout_rooms, basic_altar, chequers_arboretum,
          uniq_terence

Skill      XL: |  1  2 |
---------------+-------+-----
Ranged Weapons | 3 |  3.8
Fighting       | 2 |  2.0
Dodging        | |  2.1
Spellcasting   | |  1.0
Hexes          | |  2.0

Action                     || total
---------------------------++-------
   Fire: Sling             ||    93
    Use: Scroll            ||     1
         Potion            ||     1
 Armour: Robe              ||    10
  Dodge: Dodged            ||    28

Table legend:
 A = Non-vault XP
 B = Vault XP
 C = Vault XP percentage of total XP
 D = Non-vault monster count
 E = Vault monster count
 F = Vault count percentage of total count
                 A         B        C        D         E       F
            +---------+---------+-------+---------+---------+-------
      Total |      53 |       0 |   0.0 |      29 |       0 |   0.0
            +---------+---------+-------+---------+---------+-------
        D:1 |      47 |       0 |   0.0 |      27 |       0 |   0.0
        D:2 |       6 |       0 |   0.0 |       2 |       0 |   0.0
            +---------+---------+-------+---------+---------+-------
